 Dungeon Crawl Stone Soup version 0.23-a0-650-ga4d50d4 (webtiles) character file.

14 Borgoz the Skirmisher (level 2, -2/19 HPs)
             Began as a Kobold Fighter on Jan 2, 2019.
             Slain by a kobold
             ... wielding a +0 short sword
              (4 damage)
             ... on level 1 of the Dungeon.
             The game lasted 00:03:42 (271 turns).

Borgoz the Skirmisher (Kobold Fighter)               Turns: 271, Time: 00:03:43

Health: -2/19      AC:  6    Str: 13    XL:     2   Next: 60%
Magic:  2/2        EV:  8    Int:  9    God:
Gold:   0          SH:  8    Dex: 14    Spells: 1/1 levels left

rFire    . . .     SeeInvis .   a - +0 rapier
rCold    . . .     Gourm    .   c - +0 shield
rNeg     . . .     Faith    .   b - +0 scale mail
rPois    .         Spirit   .   (no helmet)
rElec    .         Reflect  .   (no cloak)
rCorr    .         Harm     .   (no gloves)
MR       .....                  (no boots)
Stlth    ..........             (no amulet)
HPRegen  0.06/turn              (no ring)
MPRegen  0.08/turn              (no ring)

@: no status effects
A: small, carnivore
a: no special abilities


You were on level 1 of the Dungeon.
You were not hungry.

You visited 1 branch of the dungeon, and saw 1 of its levels.

Inventory:

Hand Weapons
 a - a +0 rapier (weapon)
Armour
 b - a +0 scale mail (worn)
 c - a +0 shield (worn)
Scrolls
 e - a scroll of fear {unknown}
 h - a scroll of enchant armour {unknown}
Potions
 d - a potion of might
 i - 2 potions of flight {unknown}
Comestibles
 f - 2 rations


   Skills:
 + Level 3.5 Fighting
 + Level 3.0 Short Blades
 + Level 2.5 Armour
 + Level 0.8 Dodging
 + Level 0.1 Stealth
 - Level 2.5 Shields


You had one spell level left.
You didn't know any spells.
Your spell library was empty.

Dungeon Overview and Level Annotations

Branches:
Dungeon (1/15)

Altars:


Innate Abilities, Weirdness & Mutations

You are small and have problems with some larger weapons.
You are carnivorous and can eat meat at any time.


Message History

You block the hobgoblin's attack.
You hit the hobgoblin but do no damage.
The hobgoblin is severely wounded.
You block the frilled lizard's attack. The hobgoblin hits you with a +0 club.
* * * LOW HITPOINT WARNING * * *
The hobgoblin hits you but does no damage.
The frilled lizard bites you but does no damage.
You closely miss the hobgoblin.
The hobgoblin is severely wounded.
You block the hobgoblin's attack.
The hobgoblin hits you but does no damage.
The frilled lizard bites you but does no damage.
You puncture the hobgoblin!
You kill the hobgoblin!
The hobgoblin hits you with a +0 club.
* * * LOW HITPOINT WARNING * * *
The frilled lizard bites you but does no damage.
You hit the kobold but do no damage.
The kobold hits you with a +0 short sword.
You die...

#.#.# #.♣ ###........
#.......#.#?P
#.#...#..... #.#.#.#.#.#
#.#.#.....####
#.#...†#...... #.#..#gKl#
## #.###.#..##@##
##.######.
#...........####.#.......
#####.#..................
...##.##.#####.#######
#######.##.### #.#######
#....†.......###.#.....#
♣♣.♣#####.....##.#......#
♣P.♣ #.......###.....#
♣.♣♣ #.....##.#......#


You could see a hobgoblin, a kobold and a frilled lizard.

Vanquished Creatures
  A dart slug (D:1)
  2 bats (D:1)
  A goblin (D:1)
  4 hobgoblins (D:1)
  4 rats (D:1)
12 creatures vanquished.

Notes
Turn   | Place    | Note
-------+----------+-------------------------------------------
     0 | D:1      | Borgoz the Kobold Fighter began the quest for the Orb.
     0 | D:1      | Reached XP level 1. HP: 14/14 MP: 1/1
    74 | D:1      | Reached XP level 2. HP: 17/19 MP: 2/2
   271 | D:1      | Slain by a kobold

Vault maps used:
D:1:      scummos_arrival_simple_fountains, serial_forest,
          infiniplex_forest_lined_room_, infiniplex_forest_end_2,
          infiniplex_forest_lined_1, infiniplex_forest_corner_1,
          infiniplex_forest_side_room, infiniplex_forest_3_way,
          infiniplex_forest_clump_double, infiniplex_forest_clump_medium,
          minmay_misc_feat_five

Skill      XL: |  1  2 |
---------------+-------+-----
Short Blades   | 3 |  3.0
Fighting       | |  3.5
Armour         | |  2.5
Dodging        | |  0.8
Stealth        | |  0.1
Shields        | |  2.5

Action                   || total
-------------------------++-------
Melee: Rapier            ||   114
  Eat: Chunk             ||     1
Armor: Scale mail        ||    57
Dodge: Dodged            ||    35
Block: Shield            ||    55

Table legend:
 A = Non-vault XP
 B = Vault XP
 C = Vault XP percentage of total XP
 D = Non-vault monster count
 E = Vault monster count
 F = Vault count percentage of total count
                 A         B        C        D         E       F
            +---------+---------+-------+---------+---------+-------
      Total |      21 |       0 |   0.0 |      12 |       0 |   0.0
            +---------+---------+-------+---------+---------+-------
        D:1 |      21 |       0 |   0.0 |      12 |       0 |   0.0
            +---------+---------+-------+---------+---------+-------
